AoeStats
← ivcrk826

Enclosed

506630743Analyzed
1v1 RM · 17d ago on Sep 14, 2026· 34m 29s· 2 players
Game mode
Random Map
Map size
Tiny (2 player)
Population
200
Speed
Normal
Resources
Standard
Victory
Conquest
Starting age
Dark Age
Ending age
Imperial Age
RankedLock teamsTeams togetherTeam positionsShared explorationLock speedFull tech treeHidden civsTurbo modeCheats
Victory
Defeat
🇦🇷 Shu · Argentina
1141
+18
🇹🇼 Sicilians · Taiwan
1182
-18
ivcrk826
4:16 Loom
10:57 Feudal Age
12:47 Double-Bit Axe
25:47 Fletching
31:53 Castle Age
d54316533719
8:11 Loom
10:02 Feudal Age
10:25 Man-at-Arms
12:52 Scale Mail Armor
13:03 Forging
12:41 Horse Collar
12:49 Double-Bit Axe
26:08 Castle Age
Connection lost

Rejoining the realm…

Still unreachable

The connection could not be restored.

Session expired

The server has moved on; the page needs a fresh start.